 Dungeon Crawl Stone Soup version 0.28.0-53-g5a82cb258f (webtiles) character file.

Game seed: 7071129820727846553

78 Descartes the Ducker (level 4, 0/19 HPs)
             Began as a Felid Transmuter on June 24, 2022.
             Slain by Jessica
             ... wielding a +0 club
              (6 damage)
             ... on level 3 of the Dungeon.
             The game lasted 00:04:38 (4553 turns).

Descartes the Ducker (Felid Transmuter)             Turns: 4553, Time: 00:04:38

Health: 0/19       AC:  1    Str:  8    XL:     4   Next: 15%
Magic:  7/8        EV: 18    Int: 14    God:
Gold:   68         SH:  0    Dex: 16    Spells: 6/7 levels left
                                        Lives:  0   Deaths: 1

rFire   . . .      SeeInvis +     - Unarmed
rCold   . . .      Faith    .   (shield unavailable)
rNeg    . . .      Spirit   .   (armour unavailable)
rPois   .          Reflect  .   (helmet unavailable)
rElec   .          Harm     .   (cloak unavailable)
rCorr   .          Rampage  .   (gloves unavailable)
Will    .....                   (boots unavailable)
Stlth   ++........              (no amulet)
HPRegen 0.06/turn               (no ring)
MPRegen 0.11/turn               (no ring)

@: appendages (expiring), quick
A: horns 2, very small, claws 1, fangs 3, see invisible, speed 1, shaggy fur 1,
stealthy paws, no weapons or thrown items, no armour, multi-lived
a: End Transformation


You were on level 3 of the Dungeon.
You had temporarily grown beastly horns.
You visited 1 branch of the dungeon, and saw 3 of its levels.

You collected 68 gold pieces.

Inventory:

Missiles
 e - 68 stones
Jewellery
 k - a ring of wizardry
Wands
 l - a wand of polymorph (1)
Scrolls
 a - 2 scrolls of identify {unknown}
 b - a scroll of summoning {unknown}
 d - a scroll of fear {unknown}
 h - a scroll of noise {unknown}
 i - a scroll of immolation {unknown}
Potions
 c - a potion of degeneration {unknown}
 f - a potion of mutation {unknown}
 g - 2 potions of magic {unknown}
 j - a potion of haste {unknown}


   Skills:
 + Level 1.7 Fighting
 * Level 3.9 Dodging
 * Level 2.9 Stealth
 * Level 3.8 Unarmed Combat
 + Level 2.4 Spellcasting
 + Level 2.6 Transmutations


You had 6 spell levels left.
You knew the following spells:

 Your Spells              Type           Power      Damage    Failure   Level
a - Beastly Appendage     Tmut           18%        N/A       8%          1

Your spell library contained the following spells:

 Spells                   Type           Power      Damage    Failure   Level
 Wereblood                Tmut           9%         N/A       12%         2
 Spider Form              Tmut/Pois      5%         N/A       36%         3
 Ice Form                 Ice/Tmut       5%         N/A       78%         4


Dungeon Overview and Level Annotations

Branches:
Dungeon (3/15)

Altars:
Fedhas

Annotations:
D:3 Jessica, Sigmund


Innate Abilities, Weirdness & Mutations

You have temporarily grown beastly horns.
You have sharp claws.
You have razor-sharp teeth.
You have supernaturally acute eyesight. (SInv)
You cover ground quickly. (Speed+)
You are covered in fur. (AC +1)
Your paws help you pounce on unaware monsters.
You are incapable of wielding weapons or throwing items.
You cannot wear armour.
You gain extra lives every three experience levels.


Message History

Your transformation is almost over.
Your horns disappear.
l - a wand of polymorph (1)
Things that are here:
a +0 club; a +2 chain mail of poison resistance; the goblin corpse of Ijyb
There is an open door here.
Jessica the Apprentice Sorceress comes into view.
She is wielding a +0 club and wearing a +2 robe of cold resistance.
Casting: Beastly Appendage (safe; 8% risk of failure)
Confirm with . or Enter, or press ? or * to list all spells.
You grow a pair of large bovine horns.
Jessica mumbles something strange.
Jessica hits you with a +0 club.
You closely miss Jessica. Jessica hits you with a +0 club.
You are too injured to fight recklessly!
You are too injured to fight recklessly!
You are too injured to fight recklessly!
You are too injured to fight recklessly!
You are too injured to fight recklessly!
You are too injured to fight recklessly!
You are too injured to fight recklessly!
You are too injured to fight recklessly!
You are too injured to fight recklessly!
You are too injured to fight recklessly!
You are too injured to fight recklessly!
You are too injured to fight recklessly!
You are too injured to fight recklessly!
You are too injured to fight recklessly!
You are too injured to fight recklessly!
You are too injured to fight recklessly!
You are too injured to fight recklessly!
You are too injured to fight recklessly!
You barely miss Jessica. Jessica casts a spell at you.
You struggle to resist.
You barely miss Jessica. Your bite misses Jessica.
Jessica hits you with a +0 club.
You closely miss Jessica. You bite Jessica, but do no damage.
Your transformation is almost over.
Jessica hits you with a +0 club.
You die...

........#.# #
#.
........#.#.#
... #. #.
........#.#.#
...##.#####.
........#.#.#
............@
........#.#.#
........#.....
..
#.#.##.......
#.....
#.#.#........#
#.....
#...#........
#.....
###..@@......
#.....
#..........
##....
#..........
#####
............
.............
...............
.....##.###..##
####. #.# #.#


You could see Jessica.

Vanquished Creatures
  Ijyb (D:3)
  Terence (D:2)
  2 gnolls
  An adder (D:2)
  A worm (D:2)
  A dart slug (D:3)
  7 orcs (D:3)
  6 endoplasms
  6 hobgoblins
  3 jackals (D:3)
  3 quokkas
  7 ball pythons
  3 bats
  2 frilled lizards
  2 kobolds
  3 rats
49 creatures vanquished.

Notes
Turn   | Place    | Note
-------+----------+-------------------------------------------
     0 | D:1      | Descartes the Felid Transmuter began the quest for the Orb.
     0 | D:1      | Reached XP level 1. HP: 9/9 MP: 4/4
   638 | D:1      | Reached skill level 1 in Stealth
   807 | D:1      | Found a faded altar of an unknown god.
   870 | D:1      | Reached XP level 2. HP: 7/12 MP: 3/6
  1479 | D:2      | Reached XP level 3. HP: 4/15 MP: 7/7
  1953 | D:2      | Noticed Terence
  1964 | D:2      | Killed Terence
  2442 | D:2      | Found a blossoming altar of Fedhas.
  2870 | D:3      | Noticed Ijyb
  3535 | D:3      | Reached XP level 4. HP: 17/19 MP: 5/8
  4368 | D:3      | Noticed Sigmund
  4389 | D:3      | Killed from afar by Sigmund
  4390 | D:3      | Reached XP level 3. HP: -2/15 MP: 7/7
  4471 | D:3      | Killed Ijyb
  4472 | D:3      | Reached XP level 4. HP: 19/19 MP: 8/8
  4546 | D:3      | Noticed Jessica
  4553 | D:3      | Slain by Jessica

Illustrated notes

Levels and vault maps discovered:
D:1:      lemuel_arrival_river_ford, layout_rooms,
          ebering_ecumenical_altar_ruins
D:2:      layout_loops_corners, basic_altar, grunt_decor_one_mirror,
          minmay_pentomino_u2, uniq_terence
D:3:      minmay_angry_zag, layout_basic, uniq_ijyb, uniq_sigmund, uniq_jessica,
          uniq_crazy_yiuf_cottage

Skill      XL: |  1  2  3 |
---------------+----------+-----
Stealth        | 1 2 |  2.9
Dodging        | 3 |  3.9
Fighting       | |  1.7
Unarmed Combat | |  3.8
Spellcasting   | |  2.4
Transmutations | |  2.6

Action                   |  1- 3 |  4- 6 || total
-------------------------+-------+-------++-------
Melee: Unarmed           |   111 |    49 ||   160
       Headbutt          |    11 |    10 ||    21
       Bite              |     7 |     3 ||    10
       Punch             |     1 |     3 ||     4
 Cast: Beastly Appendage |    22 |    10 ||    32
 Stab: Sleeping          |     1 |       ||     1
Armor: Skin              |    18 |       ||    18
Dodge: Dodged            |    68 |    33 ||   101
